 Dungeon Crawl Stone Soup version 0.26-a0-259-g1effd001a9 (webtiles) character file.

Game seed: 1693059645838629362

198078 gruber the Peltast (level 18, -12/116 HPs)
             Began as a Gargoyle Fighter on July 26, 2020.
             Was the Champion of Okawaru.
             Mangled by a shambling mangrove (17 damage)
             ... on level 2 of the Swamp.
             The game lasted 00:51:06 (33849 turns).

gruber the Peltast (Gargoyle Fighter)              Turns: 33849, Time: 00:51:07

Health: -12/116    AC: 24    Str: 32    XL:     18   Next: 43%
Magic:  21/32      EV: 10    Int: 19    God:    Okawaru [******]
Gold:   1771       SH: 26    Dex:  9    Spells: 31/38 levels left

rFire    + . .     SeeInvis .   J - +9 hunting sling "Dorph" {vorpal, rElec rPois}
rCold    + . .     Faith    .   T - +2 tower shield {rC+ rF+}
rNeg     + . .     Spirit   .   u - +0 troll leather armour
rPois    ∞         Reflect  .   V - +0 helmet {Int+3}
rElec    +         Harm     .   X - +2 cloak {rPois}
rCorr    +                      I - +2 pair of gloves
MR       +....                  Z - +2 pair of boots
Stlth    ++........             R - amulet of regeneration
HPRegen  1.09/turn              h - ring of Giaref {rCorr Int+5 Stlth+}
MPRegen  0.23/turn              N - +6 ring of strength

@: grasped by roots, corroded, flying, very slightly contaminated, constricted
A: big wings, negative energy resistance 1, electricity resistance, unbreathing,
petrification resistance, rot immunity, AC +13
}: 1/15 runes: serpentine
a: Stop Flying, Heroism, Finesse, Renounce Religion


You were on level 2 of the Swamp.
You worshipped Okawaru.
Okawaru was exalted by your worship.
You were not hungry.

You visited 5 branches of the dungeon, and saw 28 of its levels.
You also visited: Sewer.

You collected 2331 gold pieces.
You spent 560 gold pieces at shops.

Inventory:

Hand Weapons
 J - the +9 hunting sling "Dorph" (weapon) {vorpal, rElec rPois}
   (You found it on level 6 of the Lair of Beasts)

   Any stone fired from it inflicts extra damage.
   It insulates you from electricity.
   It protects you from poison.
 L - the +8 short sword of the Unliving {vorpal, +Fly rF++ Str+4}
   (You found it on level 6 of the Dungeon)

   It inflicts extra damage upon your enemies.
   It affects your strength (+4).
   It greatly protects you from fire.
   It lets you fly.
Missiles
 b - 2 throwing nets
 x - 332 sling bullets
 y - 80 poisoned darts
 F - 257 stones (quivered)
Armour
 u - a +0 troll leather armour (worn)
 I - a +2 pair of gloves (worn)
 T - a +2 tower shield of resistance (worn)
 V - a +0 helmet of intelligence (worn)
 X - a +2 cloak of poison resistance (worn)
 Z - a +2 pair of boots (worn)
Jewellery
 h - the ring of Giaref (left hand) {rCorr Int+5 Stlth+}
   (You acquired it on level 15 of the Dungeon)

   [ring of resist corrosion]

   It affects your intelligence (+5).
   It provides partial protection from all sources of acid and corrosion.
   It makes you more stealthy.
 o - an uncursed ring of see invisible
 N - a +6 ring of strength (right hand)
 R - an amulet of regeneration (around neck)
Wands
 w - a wand of iceblast (22)
 C - a wand of flame (15)
 D - a wand of disintegration (17)
 G - a wand of clouds (1)
 K - a wand of paralysis (40)
 M - a wand of digging (34)
 U - a wand of enslavement (9)
 W - a wand of acid (7)
Scrolls
 a - a scroll of summoning
 c - 8 scrolls of identify
 e - 2 scrolls of blinking
 i - 5 scrolls of fog {unknown}
 j - 5 scrolls of magic mapping {unknown}
 k - 3 scrolls of amnesia {unknown}
 l - a scroll of silence
 m - 6 scrolls of enchant weapon {unknown}
 n - 10 scrolls of teleportation
 p - 3 scrolls of random uselessness {unknown}
 v - a scroll of vulnerability {unknown}
 A - 5 scrolls of immolation
 B - 11 scrolls of remove curse
 O - a scroll of brand weapon
 P - 3 scrolls of torment
 S - 2 scrolls of fear
Potions
 d - 7 potions of might
 g - 11 potions of curing
 q - a potion of heal wounds
 r - a potion of berserk rage
 s - 3 potions of lignification
 t - 8 potions of brilliance
 z - 6 potions of stabbing
 E - 3 potions of haste
 H - 2 potions of magic
 Q - 2 potions of invisibility
 Y - a potion of resistance
Comestibles
 f - 90 rations


   Skills:
 - Level 14.2 Fighting
 - Level 4.2 Short Blades
   Level 6.0 Maces & Flails
 - Level 9.2 Slings
 - Level 13.2 Armour
 - Level 6.0 Dodging
 - Level 19.0 Shields
 * Level 10.6 Spellcasting
 - Level 4.0 Necromancy
 - Level 12.0 Earth Magic


You had 31 spell levels left.
You knew the following spells:

 Your Spells              Type           Power        Failure   Level
a - Blink                 Tloc           N/A          26%         2
b - Borgnjor's Vile Clut  Necr/Erth      #####.....   17%         5

Your spell library contained the following spells:

 Spells                   Type           Power        Failure   Level
 Animate Skeleton         Necr           ####..       3%          1
 Corpse Rot               Necr/Air       N/A          11%         2
 Leda's Liquefaction      Hex/Erth       ####......   14%         4
 Apportation              Tloc           ##....       17%         1
 Magic Dart               Conj           ##..         17%         1
 Summon Butterflies       Summ           ##......     17%         1
 Summon Small Mammal      Summ           ##..         17%         1
 Call Imp                 Summ           ##......     26%         2
 Searing Ray              Conj           ##....       26%         2
 Slow                     Hex            ##......     26%         2
 Call Canine Familiar     Summ           ##......     45%         3
 Conjure Flame            Conj/Fire      ##......     45%         3
 Dazzling Flash           Conj/Hex       ##....       45%         3
 Mephitic Cloud           Conj/Pois/Air  ##......     45%         3
 Summon Guardian Golem    Hex/Summ       ##......     45%         3
 Bolt of Magma            Conj/Fire/Erth ####......   65%         5
 Fulminant Prism          Conj/Hex       ##........   86%         4
 Ice Form                 Ice/Tmut       ##......     86%         4
 Iskenderun's Mystic Bla  Conj/Tloc      ##......     86%         4
 Summon Ice Beast         Ice/Summ       ##......     86%         4
 Summon Lightning Spire   Summ/Air       ##......     86%         4
 Excruciating Wounds      Chrm/Necr      ###.......   90%         5
 Iron Shot                Conj/Erth      ####......   91%         6
 Metabolic Englaciation   Hex/Ice        ##........   99%         5
 Summon Mana Viper        Hex/Summ       ##......     99%         5
 Death Channel            Necr           ####......   99%         6
 Freezing Cloud           Conj/Ice/Air   ##........   100%        6
 Ozocubu's Refrigeration  Ice            ##........   100%        6
 Simulacrum               Ice/Necr       ###.......   100%        6
 Summon Hydra             Summ           ##........   100%        7
 Shatter                  Erth           ######....   100%        9
 Statue Form              Tmut/Erth      Unusable     N/A         6

Dungeon Overview and Level Annotations

Branches:
Dungeon (15/15)            Temple (1/1) D:6            Lair (6/6) D:9
  Swamp (2/4) Lair:4        Snake (4/4) Lair:4        Slime (0/5) Lair:6
    Orc (0/2) D:9          Vaults (0/5) D:13         Depths (0/5) D:15
  Sewer (visited)

Altars:
Ashenzari
Cheibriados
Dithmenos
Elyvilon
Fedhas
Gozag
Hepliaklqana
Kikubaaqudgha
Makhleb
Nemelex Xobeh
Okawaru
Qazlal
Ru
Sif Muna
Trog
Uskayaw
Vehumet
Wu Jian
Xom
Yredelemnul
Zin
The Shining One

Shops:
D:5 =   D:8 [   D:9 %   D:11 *   D:12 (   D:15 %   Snake:3 }

Annotations:
Lair:1 exclusion: oklob plant
Lair:3 exclusion: oklob plant
Lair:6 exclusion: 4 oklob plants
Swamp:2 Frances


Innate Abilities, Weirdness & Mutations

You are resistant to torment.
Your stone body is resilient. (AC +13)
You are immune to poison.
Your large and strong wings let you fly indefinitely.
You resist negative energy. (rN+)
You are resistant to electric shocks. (rElec)
You can survive without breathing.
You are immune to petrification.
You are immune to rotting.


Message History

You feel much better. You block the sun demon's attack.
* * * LOW HITPOINT WARNING * * *
The grasping roots constrict you! You block the ice devil's attack.
The sun demon hits you!
* * * LOW HITPOINT WARNING * * *
You are engulfed in flames!
You resist.
* * * LOW HITPOINT WARNING * * *
Unknown command.
Casting: Blink (mildly dangerous; 26% risk of failure)
Confirm with . or Enter, or press ? or * to list all spells.
Aiming: Borgnjor's Vile Clutch (dangerous; 17% risk of failure)
Press: ? - help, Shift-Dir - straight line, f/p - Frances
Aim: Frances, wielding a +0 short sword and wearing a +2 scale mail of poison resistance (severely wounded, fast, unusually resistant) Zombie hands grab the sun demon.
Zombie hands grab Frances.
The zombie hands constrict Frances!
The zombie hands constrict the sun demon!
Frances struggles to escape constriction.
You block the ice devil's attack. The shambling mangrove hits you!
* * * LOW HITPOINT WARNING * * *
You die...

≈≈.≈. ..^≈≈. .....≈
..... ....≈.
♣♣....≈.≈≈.....≈≈
♣♣...≈.≈..≈....≈≈≈
♣......≈≈≈≈.# #... ≈≈
♣...#.≈≈.§..#.#.≈. ≈≈≈♣
♣.#.#....≈..#.#.^≈
≈≈...♣@^.#..≈.≈........
≈(.(.(f43.....≈........≈
≈(♣..≈.(@.....§..###..≈≈
♣♣≈≈≈.##4#.....###..≈≈
♣≈≈≈.##............≈≈
♣♣....(....###.....♣≈
♣♣>≈..............≈≈
♣.≈.....#.##...≈≈≈.
♣.♣.≈.........≈.≈≈.


You could see Frances (fast, resistant, clutched), a shambling mangrove, a sun
demon (summoned, clutched), an ice devil (summoned) and a rust devil (summoned).

Vanquished Creatures
  Vashnia (Snake:3)
  A thorn hunter (Lair:4)
  Roxanne (Swamp:1)
  6 nagarajas (Snake:4)
  Louise (D:14)
  Aizul (Snake:2)
  An ironheart preserver (D:13)
  Azrael (D:15)
  A dire elephant (Lair:6)
  Josephine (D:15)
  Erolcha (D:10)
  An ogre mage (D:15)
  16 hydras
  6 naga warriors
  2 death knights
  A ghost crab (Swamp:2)
  Harold (D:8)
  A catoblepas (Lair:6)
  8 anacondas
  3 centaur warriors
  Erica (D:9)
  6 death yaks (Lair:5)
  9 two-headed ogres
  4 alligators
  16 naga sharpshooters
  6 shock serpents
  7 naga ritualists
  18 skeletal warriors
  5 unseen horrors
  2 wizards (D:15)
  A swamp dragon (Lair:4)
  A lindwurm (Lair:6)
  2 wolf spider zombies
  A phantasmal warrior (D:15)
  An ugly thing (D:11)
  A necromancer (D:15)
  9 mana vipers
  7 salamanders
  14 elephants
  3 cyclopes
  9 deep elf magi
  4 manticores
  A guardian serpent (Snake:3)
  33 black mambas
  26 naga magi
  Psyche (D:12)
  6 gargoyles
  12 cane toads
  Maggie (D:9)
  9 komodo dragons
  13 rime drakes
  3 kobold demonologists (D:15)
  5 freezing wraiths
  A redback zombie (D:15)
  8 trolls
  2 polar bears (Lair:6)
  10 hornets
  5 bog bodies
  Prince Ribbit (D:8)
  3 tyrant leeches
  A meliai zombie (D:14)
  15 blink frogs
  14 slime creatures
  19 hippogriffs
  8 spriggans
  2 shadows
  A centaur simulacrum (D:15)
  7 wyverns
  8 wraiths
  2 vampires
  3 hogs (D:9)
  A human (D:9)
  23 yaks
  Eustachio (D:4)
  Grum (D:9)
  9 basilisks
  6 fire elementals (D:15)
  9 vampire mosquitoes
  33 nagas
  3 swamp worms (Swamp:1)
  13 water moccasins
  8 porcupines
  4 hell hounds
  2 ice beasts (D:9)
  A swamp drake (Swamp:1)
  8 orc warriors
  5 sky beasts
  A black bear (D:6)
  3 phantoms
  2 necrophages
  14 wolves
  10 ogres
  2 centaurs
  15 crocodiles
  8 big kobolds
  3 gnoll sergeants (D:9)
  24 bullfrogs
  A wyvern zombie (D:12)
  A wyvern skeleton (D:13)
  5 scorpions
  22 wights
  12 killer bees
  A howler monkey (D:9)
  7 electric eels
  A bullfrog zombie (D:10)
  A quasit (D:8)
  8 centaur zombies
  4 human zombies (D:10)
  A bullfrog skeleton (D:11)
  3 centaur skeletons
  9 orc priests
  15 hounds
  3 jellies
  Jessica (D:2)
  2 iguanas
  15 orc wizards
  9 worker ants
  Natasha (thrice) (D:2)
  A killer bee zombie (D:7)
  2 ogre zombies (D:10)
  A hound zombie (D:6)
  A howler monkey zombie (D:7)
  3 mummies (D:10)
  A worker ant zombie (D:5)
  4 gnolls
  14 adders
  A shadow imp (D:5)
  3 white imps
  5 ufetubi
  An ooze (Sewer)
  An adder zombie (D:5)
  2 dart slugs (D:2)
  11 leopard geckos
  38 orcs
  5 ball pythons
  10 bats
  3 giant cockroaches
  11 goblins
  5 hobgoblins
  12 jackals
  5 quokkas
  8 frilled lizards
  28 kobolds
  12 rats
  A butterfly (Lair:2)
924 creatures vanquished.

Vanquished Creatures (others)
  Nikola (Snake:3)
  2 anacondas (Snake:3)
  2 naga sharpshooters
  A naga mage (Snake:4)
  4 black mambas (Snake:3)
  A naga (Snake:3)
  A kobold (D:15)
  9 fungi
  12 plants
33 creatures vanquished.

Grand Total: 957 creatures vanquished

Notes
Turn   | Place    | Note
-------+----------+-------------------------------------------
     0 | D:1      | gruber the Gargoyle Fighter began the quest for the Orb.
     0 | D:1      | Reached XP level 1. HP: 14/14 MP: 1/1
   294 | D:1      | Reached XP level 2. HP: 19/19 MP: 2/2
  1409 | D:2      | Reached XP level 3. HP: 23/23 MP: 3/3
  1521 | D:2      | Noticed Natasha
  1526 | D:2      | Killed Natasha
  1830 | D:2      | Noticed Natasha
  1842 | D:2      | Killed Natasha
  1842 | D:2      | Reached XP level 4. HP: 6/28 MP: 4/4
  2360 | D:2      | Noticed Natasha
  2373 | D:2      | Killed Natasha
  2373 | D:2      | Reached skill level 5 in Maces & Flails
  2373 | D:2      | Reached XP level 5. HP: 12/32 MP: 5/5
  2617 | D:2      | Noticed Jessica
  2637 | D:2      | Killed Jessica
  3490 | D:3      | Reached XP level 6. HP: 37/37 MP: 6/6
  3582 | D:3      | Found a hazy altar of Hepliaklqana.
  3687 | D:3      | Found a burning altar of Makhleb.
  3689 | D:3      | Noticed a blizzard demon
  3693 | D:3      | Noticed a neqoxec
  3693 | D:3      | Noticed an orange demon
  4068 | D:4      | Found a glowing drain.
  4119 | Sewer    | Entered a sewer
  4152 | Sewer    | Reached skill level 5 in Armour
  4460 | Sewer    | Reached XP level 7. HP: 33/41 MP: 7/7
  4766 | D:4      | Noticed Eustachio
  4807 | D:4      | Killed Eustachio
  5217 | D:4      | HP: 2/41 [gnoll/+0 halberd (5)]
  5553 | D:5      | Entered Level 5 of the Dungeon
  5719 | D:5      | Found Zifoz's Jewellery Shoppe.
  5770 | D:5      | Reached XP level 8. HP: 35/46 MP: 8/8
  6214 | D:5      | Reached skill level 5 in Fighting
  6694 | D:6      | Found a shattered altar of Ashenzari.
  6839 | D:6      | Found a staircase to the Ecumenical Temple.
  6891 | Temple   | Entered the Ecumenical Temple
  6994 | Temple   | Became a worshipper of Warmaster Okawaru
  7115 | D:6      | Got a shimmering short sword
  7116 | D:6      | Identified the +8 short sword of the Unliving {vorpal, +Fly
                  | rF++ Str+4} (You found it on level 6 of the Dungeon)
  7383 | D:7      | Reached skill level 1 in Short Blades
  7410 | D:7      | Reached XP level 9. HP: 56/56 MP: 9/9
  7419 | D:7      | Reached * piety under Okawaru
  8027 | D:8      | Found Jodaori's Antique Armour Shoppe.
  8033 | D:8      | Bought a shimmering helmet for 190 gold pieces
  8033 | D:8      | Bought a glowing scarf for 160 gold pieces
  8033 | D:8      | Identified the +0 helmet of the Other Side {Harm Int+3}
                  | (You bought it in a shop on level 8 of the Dungeon)
  8147 | D:8      | Reached skill level 4 in Shields
  8228 | D:8      | Noticed Harold
  8255 | D:8      | Killed Harold
  8255 | D:8      | Reached ** piety under Okawaru
  8255 | D:8      | Reached skill level 7 in Shields
  8458 | D:8      | Reached skill level 8 in Shields
  8469 | D:8      | Noticed Prince Ribbit
  8482 | D:8      | Killed Prince Ribbit
  8482 | D:8      | Reached XP level 10. HP: 49/63 MP: 10/10
  8490 | D:8      | Reached skill level 9 in Shields
  8763 | D:8      | Found a hide-covered altar of Uskayaw.
  9026 | D:8      | Found a shimmering blue altar of Sif Muna.
  9199 | D:8      | Reached *** piety under Okawaru
  9199 | D:8      | Reached skill level 10 in Shields
  9376 | D:9      | Killed an unseen horror
  9596 | D:9      | Reached skill level 11 in Shields
  9706 | D:9      | Reached **** piety under Okawaru
  9803 | D:9      | Reached skill level 12 in Shields
 10008 | D:9      | Found a staircase to the Lair.
 10110 | D:9      | Learned a level 2 spell: Blink
 10194 | D:9      | Found a staircase to the Orcish Mines.
 10211 | D:9      | Reached XP level 11. HP: 67/67 MP: 11/11
 10359 | Lair:1   | Entered Level 1 of the Lair of Beasts
 10399 | Lair:1   | Reached ***** piety under Okawaru
 10405 | Lair:1   | Reached skill level 10 in Armour
 10604 | Lair:1   | Found an opulent altar of Gozag.
 10604 | Lair:1   | Noticed an oklob plant
 11389 | D:9      | Noticed Erica
 11408 | D:9      | Killed Erica
 11408 | D:9      | Received a gift from Okawaru
 11480 | D:9      | Found a shadowy altar of Dithmenos.
 11484 | D:9      | Noticed Grum
 11504 | D:9      | Killed Grum
 11526 | D:10     | Entered Level 10 of the Dungeon
 11546 | D:9      | Found Nocratig's Food Emporium.
 11648 | D:9      | Found a radiant altar of Vehumet.
 11747 | D:9      | Noticed Maggie
 11769 | D:9      | Killed Maggie
 12182 | D:10     | Noticed Erolcha
 12379 | D:10     | Killed Erolcha
 12379 | D:10     | Reached XP level 12. HP: 41/72 MP: 10/12
 12465 | D:9      | Reached skill level 1 in Dodging
 12518 | D:10     | Received a gift from Okawaru
 12574 | D:10     | Identified the cursed +0 trident of Xiuhaef {vorpal, rElec
                  | Str+2 Int+4}
 13045 | D:10     | Found an ancient bone altar of Kikubaaqudgha.
 13408 | Lair:2   | Reached skill level 5 in Dodging
 14226 | Lair:3   | Noticed a seven-headed hydra
 14248 | Lair:3   | Killed a seven-headed hydra
 14655 | Lair:3   | Received a gift from Okawaru
 14897 | Lair:3   | Noticed an eight-headed hydra
 14932 | Lair:3   | Killed an eight-headed hydra
 15270 | Lair:4   | Received a gift from Okawaru
 15270 | Lair:4   | Reached skill level 10 in Fighting
 15307 | Lair:4   | Reached XP level 13. HP: 77/82 MP: 13/13
 15327 | Lair:4   | Found a staircase to the Snake Pit.
 15431 | Lair:4   | Reached ****** piety under Okawaru
 16105 | Lair:4   | Found a staircase to the Swamp.
 16415 | Lair:5   | Identified the Disquisition on Displaced Necromancy
 16851 | Lair:5   | Received a gift from Okawaru
 17338 | Lair:6   | Entered Level 6 of the Lair of Beasts
 17544 | Lair:6   | Received a gift from Okawaru
 17711 | Lair:6   | Reached skill level 13 in Shields
 17738 | Lair:6   | Gained mutation: Your large and strong wings let you fly
                  | indefinitely. [Gargoyle growth]
 17738 | Lair:6   | Reached XP level 14. HP: 24/96 MP: 7/14
 18031 | Lair:6   | Reached skill level 14 in Shields
 18121 | Lair:6   | Received a gift from Okawaru
 18414 | Lair:6   | Reached skill level 15 in Shields
 18701 | Lair:6   | Noticed a dire elephant
 18738 | Lair:6   | Killed a dire elephant
 18878 | Lair:6   | Got a fading hunting sling
 18879 | Lair:6   | Identified the +9 hunting sling "Dorph" {vorpal, rElec
                  | rPois} (You found it on level 6 of the Lair of Beasts)
 20394 | Lair:6   | Reached skill level 16 in Shields
 20445 | Lair:6   | Reached skill level 1 in Slings
 20495 | Lair:6   | Found a staircase to the Slime Pits.
 21427 | D:11     | Found Jakecesk's Assorted Antiques.
 21436 | D:11     | Bought a pair of runed boots for 210 gold pieces
 21469 | D:11     | Reached XP level 15. HP: 100/100 MP: 15/15
 21476 | D:11     | Received a gift from Okawaru
 22128 | D:12     | Reached skill level 5 in Slings
 22452 | D:12     | Found Cigeom's Weapon Boutique.
 22644 | D:12     | Noticed Psyche
 22665 | D:12     | Killed Psyche
 23257 | D:13     | Found a gate to the Vaults.
 23363 | D:13     | Received a gift from Okawaru
 23856 | D:14     | Noticed Louise
 23918 | D:14     | Killed Louise
 25035 | D:15     | Entered Level 15 of the Dungeon
 25044 | D:15     | Reached skill level 17 in Shields
 25457 | D:15     | Reached XP level 16. HP: 72/106 MP: 16/16
 25606 | D:15     | Received a gift from Okawaru
 25610 | D:15     | Reached skill level 18 in Shields
 25679 | D:15     | Noticed Azrael
 25747 | D:15     | Killed Azrael
 25837 | D:15     | Identified 2 scrolls of acquirement
 25838 | D:15     | Acquired the ring of Giaref {rCorr Int+5 Stlth+}
 25843 | D:15     | Acquired 300 gold pieces
 25957 | D:15     | Received a gift from Okawaru
 26211 | D:15     | Identified the +9 trident "Fyawnot" {flame, Int+3}
 26211 | D:15     | Noticed Josephine
 26240 | D:15     | Killed Josephine
 26293 | D:15     | Found Fureg's Food Boutique.
 26672 | D:15     | Found a staircase to the Depths.
 26731 | D:15     | Reached skill level 19 in Shields
 26856 | D:15     | Learned a level 5 spell: Borgnjor's Vile Clutch
 27098 | Snake:1  | Entered Level 1 of the Snake Pit
 27098 | Snake:1  | Found Uvvinti's Armour Boutique.
 27115 | Snake:1  | Reached skill level 1 in Earth Magic
 27423 | Snake:1  | Received a gift from Okawaru
 27488 | Snake:1  | Reached skill level 5 in Earth Magic
 27904 | Snake:2  | Received a gift from Okawaru
 28234 | Snake:2  | Received a gift from Okawaru
 28241 | Snake:2  | Noticed Aizul
 28267 | Snake:2  | Killed Aizul
 29258 | Snake:2  | Reached XP level 17. HP: 86/111 MP: 17/17
 29274 | Snake:2  | Reached skill level 10 in Earth Magic
 29277 | Snake:3  | Noticed Nikola
 29534 | Snake:3  | Killed Nikola
 30272 | Snake:3  | Reached skill level 1 in Necromancy
 30315 | Snake:3  | Noticed Vashnia
 30383 | Snake:3  | Killed Vashnia
 30432 | Snake:3  | Found Veskueq's Gadget Emporium.
 30677 | Snake:4  | Entered Level 4 of the Snake Pit
 30721 | Snake:4  | Reached skill level 1 in Spellcasting
 30882 | Snake:4  | Received a gift from Okawaru
 30952 | Snake:4  | Received a gift from Okawaru
 30952 | Snake:4  | Reached skill level 5 in Spellcasting
 30989 | Snake:4  | Received a gift from Okawaru
 31222 | Snake:4  | Got a serpentine rune of Zot
 31308 | Snake:4  | Received a gift from Okawaru
 31599 | Snake:4  | Reached XP level 18. HP: 116/116 MP: 29/29
 32131 | Swamp:1  | Entered Level 1 of the Swamp
 32413 | Lair:4   | HP: 2/116 [thorn hunter/volley of thorns (24)]
 32781 | Swamp:1  | Noticed Roxanne
 32815 | Swamp:1  | Killed Roxanne
 33494 | Swamp:2  | Reached skill level 10 in Spellcasting
 33819 | Swamp:2  | Noticed Frances
 33849 | Swamp:2  | HP: 5/116 [shambling mangrove (9)]
 33849 | Swamp:2  | Mangled by a shambling mangrove

Illustrated notes

Levels and vault maps discovered:
D:1:      minmay_arrival_jagged, layout_basic, minivault_23,
          minmay_misc_feat_room
D:2:      layout_basic, first_ration, minmay_split_cup_small, uniq_natasha,
          uniq_jessica
D:3:      layout_basic, lemuel_doored_altar, serial_corexii_hall,
          corexii_hall_statues_u, corexii_hall_statues_l,
          chequers_hall_statues_corner_a, makhleb_altar_promises_db
D:4:      layout_cave_pods, cheibrodos_sewer_entry_drain, cheibrodos_gnoll_hut,
          uniq_eustachio
D:5:      layout_rooms, serial_shops, kennysheep_mini_moat, kennysheep_potato
D:6:      layout_basic, ashenzari_altar_1, minmay_temple_entry_antechambers
D:7:      layout_loops_ring
D:8:      layout_loops_ring, eat_drink_and_be_merry_uskayaw, kennysheep_mini,
          serial_shops, nicolae_shop_stone, uniq_harold, uniq_prince_ribbit1
D:9:      layout_grid_maze, vehumet_altar_wand_db, lemuel_round_altar,
          erik_lair_island, kennysheep_orc_monster_closet_entryway,
          serial_shops, shop, grunt_livestock, uniq_grum, uniq_erica,
          uniq_maggie
D:10:     layout_cross, lemuel_mausoleum_altar_kikubaaqudgha, uniq_erolcha
D:11:     layout_cave_pools, serial_shops, shop
D:12:     layout_long_grid, serial_shops, nicolae_shop_stone, uniq_psyche
D:13:     layout_stronghold, skrybe_vaults_entry_preservation
D:14:     layout_loops_corners, hangedman_decor_diamond_cutter, uniq_louise
D:15:     grunt_enter_depths_magical_seal, layout_irregular_city, serial_shops,
          shop, hangedman_abyss_or_decor_clamps, elves_outpost_lemuel,
          uniq_josephine, uniq_azrael
Temple:   regret_index_temple_sphere_string
Lair:1:   layout_regular_city, lemuel_oklob_altar, serial_bayou_shore_b
Lair:2:   layout_cave_pods, lemuel_fruit_fields
Lair:3:   layout_chaotic_city
Lair:4:   layout_gridlike, swamp_mist, minmay_snake_entry_six_corridors
Lair:5:   layout_regular_city, grunt_megastairs_4, lemuel_fruit_tree
Lair:6:   hangedman_lair_in_review, layout_gridlike, slime_dummy, special_room
          [special_room_mythical_zoo], serial_bayou_pond_c, grunt_megastairs_2,
          infiniplex_staircase_pool, minmay_lair_oklob_chamber
Swamp:1:  layout_falls_marsh, evilmike_swamp_ruin_house_3, swamp_pool2,
          uniq_roxanne
Swamp:2:  layout_falls_marsh, serial_swamp_ruin, evilmike_swamp_ruin_rubble_2,
          hangedman_swamp_ruin_wall, evilmike_swamp_ruin_house_6, uniq_frances
Snake:1:  layout_rooms, serial_shops, shop
Snake:2:  layout_layer_cave, st_stairs_6, uniq_aizul
Snake:3:  layout_rooms, serial_shops,
          nicolae_shop_temple_entry_statues_fountains, grunt_ministairs_4,
          uniq_vashnia, uniq_nikola
Snake:4:  snake_pit, layout_cave_pods, grunt_megastairs_5

Skill      XL: |  1  2  3  4  5  6  7  8  9 10 11 12 13 14 15 16 17 18 |
---------------+-------------------------------------------------------+-----
Maces & Flails | 3 4 5 6 |  6.0
Armour         | 5 8 13 | 13.2
Fighting       | 6 7 10 14 | 14.2
Short Blades   | 3 4 |  4.2
Shields        | 8 12 13 16 17 19 | 19.0
Dodging        | 6 |  6.0
Slings         | 3 9 |  9.2
Earth Magic    | 9 12 | 12.0
Necromancy     | 4 |  4.0
Spellcasting   | 7 10 | 10.6

Action                   |  1- 3 |  4- 6 |  7- 9 | 10-12 | 13-15 | 16-18 || total
-------------------------+-------+-------+-------+-------+-------+-------++-------
Melee: Flail             |   120 |   141 |       |       |       |       ||   261
       Spear             |       |   100 |   178 |       |       |       ||   278
       Mace              |       |       |    71 |       |       |       ||    71
       Short sword       |       |       |   134 |  1103 |   979 |    73 ||  2289
 Fire: Hunting sling     |       |       |       |       |   819 |  1786 ||  2605
Throw: Dart              |       |       |     5 |     3 |     2 |       ||    10
       Throwing net      |       |       |     1 |       |       |       ||     1
       Javelin           |       |       |       |       |     1 |       ||     1
 Cast: Borgnjor's Vile C |       |       |       |       |       |     6 ||     6
       Blink             |       |       |       |       |       |     1 ||     1
Invok: Heroism           |       |       |       |     7 |    25 |    11 ||    43
       Finesse           |       |       |       |       |     1 |     2 ||     3
 Abil: Fly               |       |       |       |       |       |     1 ||     1
       Stop Flying       |       |       |       |       |       |     1 ||     1
Evoke: Wand              |       |       |       |       |     5 |     5 ||    10
  Use: Scroll            |       |       |     5 |    11 |     6 |    13 ||    35
       Potion            |       |       |       |       |     1 |     4 ||     5
 Stab: Sleeping          |       |       |       |    10 |     2 |       ||    12
       Distracted        |       |       |       |     2 |       |       ||     2
       Petrified         |       |       |       |       |     3 |       ||     3
       Confused          |       |       |       |       |     1 |       ||     1
  Eat: Ration            |     1 |     3 |     3 |     6 |     9 |     7 ||    29
Armor: Scale mail        |    73 |   123 |   195 |       |       |       ||   391
       Ring mail         |       |       |    10 |    84 |       |       ||    94
       Troll leather arm |       |       |       |   324 |   549 |   288 ||  1161
Dodge: Dodged            |    50 |    75 |   141 |   379 |   583 |   232 ||  1460
Block: Kite shield       |    82 |   116 |   224 |   670 |   323 |       ||  1415
       Tower shield      |       |       |       |       |  1353 |  1174 ||  2527

Table legend:
 A = Non-vault XP
 B = Vault XP
 C = Vault XP percentage of total XP
 D = Non-vault monster count
 E = Vault monster count
 F = Vault count percentage of total count
                 A         B        C        D         E       F
            +---------+---------+-------+---------+---------+-------
      Total |  177001 |   98195 |  35.7 |     671 |     259 |  27.8
            +---------+---------+-------+---------+---------+-------
        D:1 |      32 |       0 |   0.0 |      17 |       0 |   0.0
        D:2 |     131 |      77 |  37.0 |      28 |       5 |  15.2
        D:3 |     117 |       0 |   0.0 |      21 |       0 |   0.0
        D:4 |     211 |     297 |  58.5 |      14 |       7 |  33.3
        D:5 |     449 |      47 |   9.5 |      22 |       1 |   4.3
        D:6 |     298 |       0 |   0.0 |      11 |       0 |   0.0
        D:7 |     820 |       0 |   0.0 |      15 |       0 |   0.0
        D:8 |    1601 |    1221 |  43.3 |      28 |       2 |   6.7
        D:9 |    3472 |    5419 |  60.9 |      40 |      39 |  49.4
       D:10 |    2755 |    1594 |  36.7 |      38 |      14 |  26.9
       D:11 |    9123 |       0 |   0.0 |      20 |       0 |   0.0
       D:12 |    7140 |     439 |   5.8 |      30 |       1 |   3.2
       D:13 |    4951 |    4769 |  49.1 |      21 |       9 |  30.0
       D:14 |   13785 |    4624 |  25.1 |      36 |       6 |  14.3
       D:15 |   17760 |   11238 |  38.8 |      40 |      27 |  40.3
     Lair:1 |    3384 |     121 |   3.5 |      17 |       1 |   5.6
     Lair:2 |    4545 |       0 |   0.0 |      20 |       0 |   0.0
     Lair:3 |    6010 |       0 |   0.0 |      20 |       0 |   0.0
     Lair:4 |    9182 |     695 |   7.0 |      24 |      11 |  31.4
     Lair:5 |    8591 |    2359 |  21.5 |      14 |       8 |  36.4
     Lair:6 |   14983 |   16011 |  51.7 |      47 |      44 |  48.4
    Swamp:1 |    8275 |    1941 |  19.0 |      27 |       1 |   3.6
    Swamp:2 |   10120 |       0 |   0.0 |      23 |       0 |   0.0
    Snake:1 |   11371 |       0 |   0.0 |      19 |       0 |   0.0
    Snake:2 |   14009 |    3144 |  18.3 |      32 |       3 |   8.6
    Snake:3 |   15750 |   11761 |  42.8 |      35 |       8 |  18.6
    Snake:4 |    8136 |   32216 |  79.8 |      12 |      48 |  80.0
      Sewer |       0 |     222 | 100.0 |       0 |      24 | 100.0
            +---------+---------+-------+---------+---------+-------
